 Dungeon Crawl Stone Soup version 0.15-a0-1549-gb42009b (webtiles) character file.

160284 Charly the Eclecticist (level 17, -13/153 HPs)
             Began as a Merfolk Transmuter on June 15, 2014.
             Was an Elder of Ashenzari.
             Killed from afar by Aizul (16 damage)
             ... with a bolt of poison
             ... on Level 2 of the Snake Pit on June 17, 2014.
             The game lasted 13:41:59 (62624 turns).

Charly the Eclecticist (Merfolk Transmuter)        Turns: 62624, Time: 13:42:00

HP -13/153       AC  8     Str 11      XL: 17   Next: 76%
MP  11/38        EV 21     Int 18      God: Ashenzari [****..]
Gold 792         SH  0     Dex 17      Spells: 11 memorised, 12 levels left

rFire  x . .     SeeInvis +       - Unarmed
rCold  + + +     Clarity  +     A - melded +3 troll leather armour (curse)
rNeg   . . .     rCorr    .     S - melded -5 buckler of the Snake Pit {+Inv Int+2}
rPois  +         rRot     .     H - melded +0 helmet (curse)
rElec  .         Spirit   .     C - melded +1 cloak (curse)
SustAb .         Warding  .     G - melded +2 pair of gloves (curse)
rMut   .         Stasis   .     B - melded +0 pair of boots (curse)
Gourm  .                        (no amulet)
MR     +....                    w - ring of wizardry
                                d - +2 ring of dexterity

@: swift, ice-form, quick, somewhat resistant to hostile enchantments, stealthy
A: (change form in water), (swift swim)
a: End Transformation, Scrying, Renounce Religion


You were on level 2 of the Snake Pit.
You worshipped Ashenzari.
Ashenzari was greatly pleased with you.
You were very hungry.
You were a creature of crystalline ice.
You visited 6 branches of the dungeon, and saw 31 of its levels.
You also visited: Ice Cave and Volcano.

You collected 3232 gold pieces.
You spent 2440 gold pieces at shops.

Inventory:

Missiles
 e - 64 arrows
Armour
 A - a cursed +3 troll leather armour (melded)
 B - a cursed +0 pair of boots (melded)
 C - a cursed +1 cloak (melded)
 G - a cursed +2 pair of gloves (melded)
 H - a cursed +0 helmet (melded)
 M - a +2 robe of magic resistance
 S - the cursed -5 buckler of the Snake Pit (melded) {+Inv Int+2}
   (You found it on level 1 of the Lair of Beasts)

   It affects your intelligence (+2).
   It lets you turn invisible.
   It has a curse placed upon it.
Magical devices
 X - a wand of digging (12)
 Y - a wand of fireball (2)
 Z - a wand of hasting (3)
Comestibles
 r - a royal jelly
Scrolls
 c - a scroll of curse armour
 k - 15 scrolls of identify
 t - a scroll of enchant weapon
 u - 5 scrolls of remove curse
 v - 4 scrolls of teleportation
Jewellery
 d - a +2 ring of dexterity (left paw)
 f - an uncursed ring of fire
 i - an uncursed ring of ice
 s - an uncursed ring of stealth
 w - a ring of wizardry (right paw)
 z - an uncursed ring of flight
Potions
 g - a potion of berserk rage
 n - a potion of might
 q - a potion of brilliance
 x - 2 potions of mutation
Magical staves
 b - an uncursed staff of cold
Miscellaneous
 h - a plain deck of defence {the Banshee, drawn: 1}
 l - a box of beasts
 T - a fan of gales


   Skills:
 - Level 10.0 Fighting
 - Level 13.1(16.1) Dodging
 - Level 6.0(9.5) Stealth
 + Level 14.5 Unarmed Combat
 - Level 15.0 Spellcasting
 * Level 5.3 Hexes
 - Level 6.0 Charms
 * Level 4.9 Translocations
 - Level 12.0 Transmutations
 * Level 11.2 Ice Magic
 - Level 6.0 Earth Magic
 - Level 6.0 Poison Magic


You had 12 spell levels left.
You knew the following spells:

 Your Spells              Type           Power        Failure   Level  Hunger
b - Blink                 Tloc           N/A          1%          2    None
e - Metabolic Englaciati  Hex/Ice        #####.....   1%          5    ###....
g - Shroud of Golubria    Chrm/Tloc      ####......   1%          2    None
h - Blade Hands           Trmt           ######....   1%          5    ###....
p - Petrify               Trmt/Erth      #####...     1%          4    None
q - Swiftness             Chrm/Air       ###.....     1%          2    None
r - Repel Missiles        Chrm/Air       ###...       1%          2    None
s - Sticks to Snakes      Trmt           ######....   1%          2    None
I - Ice Form              Ice/Trmt       ######....   1%          4    None
P - Passwall              Trmt/Erth      #####.....   1%          3    None
S - Spider Form           Trmt/Pois      #####.....   1%          3    None


Dungeon Overview and Level Annotations

Branches:
Dungeon (12/15)            Temple (1/1) D:5             Orc (4/4) D:12
    Elf (0/3) Orc:4          Lair (8/8) D:9          Shoals (4/5) Lair:5
  Snake (2/5) Lair:6        Slime (0/6) Lair:8

Altars:
Ashenzari
Cheibriados
Dithmenos
Elyvilon
Fedhas
Gozag
Kikubaaqudgha
Makhleb
Nemelex Xobeh
Okawaru
Qazlal
Sif Muna
Trog
Vehumet
Xom
Yredelemnul
Zin
The Shining One
Jiyva

Shops:
D:4 (   Orc:1 [   Orc:3 %   Orc:4 *??:   Shoals:3 :   Shoals:4 *

Annotations:
Snake:2 Aizul


Message History

You blink.
Casting: Blink
Confirm with . or Enter, or press ? or * to list all spells.
You blink.
The naga hits you with a long sword.
* * * LOW HITPOINT WARNING * * *
The naga closely misses you.
Casting: Blink
Confirm with . or Enter, or press ? or * to list all spells.
You blink.
Casting: Blink
Confirm with . or Enter, or press ? or * to list all spells.
You blink.
Aizul hits you!
* * * LOW HITPOINT WARNING * * *
Casting: Blink
Confirm with . or Enter, or press ? or * to list all spells.
You blink.
Aizul hits you.
* * * LOW HITPOINT WARNING * * *
Aizul coils himself and waves his upper body at you.
The bolt of poison hits you! You resist.
You die...

,#.#######.#.##.####.##....##*
).. * #.#.##.# #.# ....# * S..
#.^.##.# #.. ....# * ...∆*
#.####.# #.# .###** * ##. #.#
#.# #.# ., ,,, , #.* #.# #.#
#.# , #.#######.# ##.## #)#
***,
#(....(..)###.#.###.#####.###
,
#####(####$....YS§............
, #<####.#.§....###.#######.
#..[...(..................,,
######.#.....N##..#######. ,
#.#......##..#####... ,
#.###.##.....N....N.# #.#
#)........[....##** #.#
#)#####........## #.# #.#
#...(....#S ≈


You could see Aizul and a naga.

Vanquished Creatures
  Vashnia (Snake:2)
  Polyphemus (Shoals:4)
  Agnes (Shoals:1)
  Rupert (Lair:7)
  2 orc warlords
  Snorg (Shoals:1)
  A merfolk javelineer (Shoals:4)
  6 merfolk impalers
  4 sirens
  8 hydras
  Fannar (Lair:1)
  5 naga warriors
  4 merfolk aquamancers (Shoals:3)
  19 death yaks
  The ghost of valor the Basher, an experienced DsGl (D:10)
  A satyr (Shoals:3)
  A centaur warrior (D:10)
  7 naga sharpshooters
  5 orc high priests (Orc:4)
  2 shock serpents
  3 catoblepae
  An unseen horror (D:12)
  14 sea snakes
  A lindwurm (Lair:8)
  6 hill giants
  2 naga ritualists
  2 water nymphs
  4 swamp dragons (Snake:1)
  5 harpies (Shoals:1)
  3 oklob plants (Lair:5)
  4 orc sorcerers (Orc:4)
  5 orc knights (Orc:4)
  A salamander (Snake:1)
  3 mana vipers
  2 manticores
  23 black mambas
  7 mermaids
  7 elephants
  A smoke demon (Volcano)
  5 fauns
  10 griffons
  A guardian serpent (Lair:6)
  4 naga magi
  A queen ant (Lair:6)
  2 iron devils
  10 spiny frogs
  5 komodo dragons
  The ghost of emperor the Gouger, an experienced FeFi (D:9)
  A fire drake (Lair:1)
  27 merfolk
  2 red devils (Volcano)
  2 trolls
  Sonja (D:11)
  2 polar bears (Lair:4)
  2 wind drakes
  A boulder beetle (Lair:8)
  30 blink frogs
  2 basilisks
  2 deep elf magi (D:10)
  4 snapping turtles (Shoals:1)
  3 shadows
  47 yaks
  7 sharks
  7 ugly things
  3 fire bats (Volcano)
  13 hippogriffs
  Eustachio (D:6)
  3 vampire mosquitoes
  3 water elementals
  7 wyverns
  14 wolves
  The ghost of Charly the Insei, an average MfTm (D:4)
  A steam dragon (Lair:4)
  2 hill giant skeletons (D:11)
  A hungry ghost (D:9)
  16 soldier ants
  15 nagas
  22 water moccasins
  5 wargs
  2 swamp worms (Snake:1)
  10 porcupines
  A necrophage (D:6)
  2 black bears
  3 phantoms
  2 ice beasts
  2 yellow wasps
  2 swamp drakes (Snake:1)
  17 ogres
  30 orc warriors
  9 centaurs
  24 giant frogs
  18 crocodiles
  3 boring beetles
  A brain worm (Lair:8)
  8 lava worms (Volcano)
  4 big kobolds
  3 gnoll sergeants
  4 scorpions
  A hippogriff zombie (D:5)
  4 eyes of draining
  A troll zombie (D:12)
  11 killer bees
  2 quasits
  A yak skeleton (Orc:4)
  2 troll skeletons (D:12)
  10 crimson imps
  4 goliath beetles
  7 big fish (Lair:5)
  4 gnoll shamans (D:6)
  An electric eel (Lair:5)
  35 orc priests
  8 jellies
  4 lava snakes (Volcano)
  Crazy Yiuf (D:4)
  2 giant frog skeletons
  14 hounds
  26 orc wizards
  A centaur skeleton (D:7)
  A black bear skeleton (D:5)
  8 iguanas
  39 worker ants
  42 sheep
  Ijyb (D:4)
  A sky beast zombie (D:10)
  The ghost of emperor the Scratcher, a weakling FeFi (D:3)
  A mummy (D:11)
  A hound skeleton (D:9)
  33 adders
  19 gnolls
  102 green rats
  2 giant mites
  12 white imps (Lair:5)
  A shadow imp (D:4)
  3 worms
  6 giant geckos
  2 oozes
  156 orcs
  15 bats
  4 giant cockroaches
  14 goblins
  17 hobgoblins
  14 jackals
  3 ball pythons
  4 giant newts
  A hobgoblin skeleton (Orc:4)
  39 kobolds
  A kobold zombie (D:4)
  3 orc skeletons
  13 orc zombies
  20 quokkas
  12 rats
  3 rat skeletons
  13 ballistomycetes
  7 fungi
  7 plants
1357 creatures vanquished.

Vanquished Creatures (collateral kills)
  An octopode crusher (Shoals:2)
  Jorgrun (Shoals:4)
  A hydra (Lair:2)
  4 death yaks
  Nergalle (Lair:2)
  2 catoblepae (Lair:8)
  3 oklob plants (Lair:5)
  2 black mambas
  A gargoyle (D:12)
  A merfolk (Shoals:4)
  A yak (Lair:8)
  2 necrophages
  A giant frog (Lair:5)
  A wight (D:10)
  An electric eel (Lair:5)
  An orc wizard (D:7)
  Jessica (D:3)
  A gnoll (D:6)
  A green rat (Lair:1)
  4 adders
  9 orcs
  A bat (D:7)
  A hobgoblin (D:1)
  A giant newt (D:3)
  2 plants (Lair:5)
45 creatures vanquished.

Vanquished Creatures (others)
  A naga sharpshooter (Snake:2)
  11 drowned souls
  A yak (Lair:2)
  A vampire mosquito (Lair:8)
  A spider (D:10)
  A porcupine (Lair:2)
  A scorpion (Lair:8)
  6 killer bees
  A goliath beetle (Lair:8)
  2 worker ants
  A worm (Lair:7)
  An ufetubus (IceCv)
  An orc (Orc:3)
  A kobold (D:10)
  A quokka (D:6)
  4 giant spores
  A rat skeleton (Orc:4)
  A bush (Lair:8)
  6 fungi
  4 plants
47 creatures vanquished.

Grand Total: 1449 creatures vanquished

Notes
Turn   | Place    | Note
--------------------------------------------------------------
     0 | D:1      | Charly, the Merfolk Transmuter, began the quest for the Orb.
     0 | D:1      | Reached XP level 1. HP: 15/15 MP: 3/3
   229 | D:1      | Reached XP level 2. HP: 21/21 MP: 2/4
   234 | D:1      | Learned a level 2 spell: Sticks to Snakes
  1034 | D:2      | Reached XP level 3. HP: 23/26 MP: 6/6
  1039 | D:2      | Learned a level 3 spell: Spider Form
  1229 | D:2      | Reached skill level 4 in Unarmed Combat
  1229 | D:2      | Reached skill level 1 in Poison Magic
  1442 | D:2      | Reached XP level 4. HP: 32/32 MP: 4/8
  1863 | D:3      | Noticed emperor's ghost (weakling FeFi)
  1880 | D:3      | Killed emperor's ghost
  2154 | D:3      | Noticed Jessica
  2168 | D:3      | Killed Jessica
  2189 | D:3      | Reached XP level 5. HP: 27/37 MP: 6/11
  3100 | D:3      | Learned a level 4 spell: Ice Form
  3113 | D:4      | Noticed Ijyb
  3135 | D:4      | Killed Ijyb
  3135 | D:4      | Reached XP level 6. HP: 43/43 MP: 10/13
  3154 | D:4      | Noticed an ogre
  3163 | D:4      | Reached skill level 5 in Transmutations
  3221 | D:4      | Killed an ogre
  3221 | D:4      | Reached skill level 1 in Ice Magic
  3365 | D:4      | Reached XP level 7. HP: 16/48 MP: 9/15
  3521 | D:4      | Noticed Charly's ghost (average MfTm)
  3551 | D:4      | Reached skill level 5 in Unarmed Combat
  3564 | D:4      | Killed Charly's ghost
  3837 | D:4      | Found an opulent altar of Gozag.
  4228 | D:4      | Found Poisenel's Antique Weapon Boutique.
  4360 | D:4      | Found a deep blue altar of Sif Muna.
  4904 | D:4      | Noticed Crazy Yiuf
  4951 | D:4      | Killed Crazy Yiuf
  5145 | D:5      | Entered Level 5 of the Dungeon
  5237 | D:5      | Reached XP level 8. HP: 54/54 MP: 13/18
  5246 | D:5      | Learned a level 5 spell: Blade Hands
  5291 | D:5      | Found a glowing golden altar of the Shining One.
  5339 | D:5      | Reached skill level 6 in Transmutations
  6023 | D:5      | Found a staircase to the Ecumenical Temple.
  6046 | Temple   | Entered the Ecumenical Temple
  6361 | D:5      | Found a sparkling altar of Nemelex Xobeh.
  6941 | D:6      | Reached skill level 5 in Spellcasting
  7054 | D:6      | Found a shadowy altar of Dithmenos.
  7165 | D:6      | Reached skill level 5 in Poison Magic
  7241 | D:6      | Reached XP level 9. HP: 48/59 MP: 21/21
  7255 | D:6      | Reached skill level 7 in Unarmed Combat
  8045 | D:6      | Found an ancient bone altar of Kikubaaqudgha.
  8231 | D:6      | Reached skill level 5 in Ice Magic
  8276 | D:6      | Found a white marble altar of Elyvilon.
  8370 | D:6      | Noticed Eustachio
  8386 | D:6      | Killed Eustachio
  9106 | D:6      | Reached skill level 8 in Unarmed Combat
  9498 | D:7      | Reached XP level 10. HP: 63/63 MP: 22/24
  9655 | D:7      | Found a shattered altar of Ashenzari.
  9664 | D:7      | Became a worshipper of Ashenzari the Shackled
  9721 | D:7      | Found a bloodstained altar of Trog.
 10607 | D:8      | Found a bloodstained altar of Trog.
 10608 | D:8      | Found an iron altar of Okawaru.
 10766 | D:8      | Reached skill level 9 in Unarmed Combat
 12241 | D:9      | Learned a level 3 spell: Passwall
 12244 | D:9      | Learned a level 2 spell: Swiftness
 12640 | D:9      | Noticed emperor's ghost (experienced FeFi)
 12678 | D:9      | Killed emperor's ghost
 12680 | D:9      | Reached skill level 1 in Charms
 12949 | D:9      | Noticed an elephant
 12966 | D:9      | Reached skill level 1 in Earth Magic
 13098 | D:9      | Killed an elephant
 13199 | D:9      | Reached skill level 10 in Transmutations
 13213 | D:9      | Found a staircase to the Lair.
 13481 | D:9      | Reached skill level 10 in Unarmed Combat
 13538 | D:9      | Reached XP level 11. HP: 60/69 MP: 23/27
 13973 | Lair:1   | Entered Level 1 of the Lair of Beasts
 14083 | Lair:1   | Noticed a six-headed hydra
 14612 | Lair:1   | Got the cursed buckler of the Snake Pit {+Inv Int+2}
 14616 | Lair:1   | Identified the cursed -5 buckler of the Snake Pit {+Inv Int+2} (You found it on level 1 of the Lair of Beasts)
 15020 | Lair:1   | Noticed Fannar
 15046 | Lair:1   | Killed Fannar
 15585 | Lair:1   | Noticed a four-headed hydra
 15628 | Lair:1   | Killed a six-headed hydra
 15690 | Lair:1   | Killed a four-headed hydra
 15985 | Lair:1   | Noticed a seven-headed hydra
 16207 | Lair:1   | Killed a seven-headed hydra
 16207 | Lair:1   | Reached skill level 11 in Transmutations
 16727 | Lair:2   | Reached skill level 5 in Dodging
 17696 | Lair:2   | Noticed a six-headed hydra
 17742 | Lair:2   | Noticed Nergalle
 17801 | Lair:2   | Killed Nergalle
 18234 | Lair:2   | Killed a six-headed hydra
 18723 | Lair:2   | Reached XP level 12. HP: 70/75 MP: 25/29
 19358 | Lair:3   | Reached skill level 5 in Charms
 19785 | Lair:3   | Got the whip of Impermanence {freeze, Str+2 Stlth+}
 19889 | Lair:3   | Found a bloodstained altar of Trog.
 20802 | Lair:4   | Acquired Ashenzari's first power
 21135 | Lair:4   | Reached skill level 12 in Transmutations
 21454 | Lair:4   | Reached skill level 1 in Stealth
 22322 | Lair:4   | Reached skill level 10 in Spellcasting
 23437 | Lair:4   | Reached skill level 10 in Dodging
 23752 | Lair:4   | Reached XP level 13. HP: 81/81 MP: 29/31
 24597 | Lair:5   | Found a frozen archway.
 24714 | IceCv    | Entered an ice cave
 24721 | IceCv    | Noticed Avan's ghost (powerful MiFi)
 26398 | Lair:5   | Reached skill level 5 in Stealth
 27068 | Lair:5   | Found a staircase to the Shoals.
 28109 | Lair:6   | Found a staircase to the Snake Pit.
 28570 | Lair:6   | Reached skill level 13 in Dodging
 29603 | Lair:6   | Reached XP level 14. HP: 95/95 MP: 27/33
 30045 | Lair:6   | Reached skill level 5 in Fighting
 30307 | Lair:6   | Gained mutation: You have difficulty communicating with the divine. [potion of mutation]
 30307 | Lair:6   | Gained mutation: You possess an exceptional clarity of mind. [potion of mutation]
 30307 | Lair:6   | Gained mutation: You are partially covered in iridescent scales (AC +4). [potion of mutation]
 30308 | Lair:6   | Lost mutation: You are partially covered in iridescent scales (AC +4). [potion of cure mutation]
 30308 | Lair:6   | Lost mutation: You possess an exceptional clarity of mind. [potion of cure mutation]
 30308 | Lair:6   | Lost mutation: You have difficulty communicating with the divine. [potion of cure mutation]
 30528 | Lair:7   | Noticed Rupert
 30534 | Lair:7   | Identified a -1 rod of the swarm (11/11) (You found it on level 6 of the Lair of Beasts)
 30599 | Lair:7   | Paralysed by Rupert for 4 turns
 30616 | Lair:7   | Killed Rupert
 31148 | Lair:7   | Got the flail "Ryud" {crush, -Cast +Inv rC++ Dex+2}
 32089 | Lair:8   | Entered Level 8 of the Lair of Beasts
 33651 | Lair:8   | Found a viscous altar of Jiyva.
 33651 | Lair:8   | Found a staircase to the Slime Pits.
 33720 | Lair:8   | Gained mutation: Your spells are a little easier to cast, but a little less powerful. [potion of mutation]
 33720 | Lair:8   | Gained mutation: Your vision is a little blurry. [potion of mutation]
 33720 | Lair:8   | Gained mutation: You evolve. [potion of mutation]
 33813 | Lair:2   | Lost mutation: Your spells are a little easier to cast, but a little less powerful. [potion of cure mutation]
 33813 | Lair:2   | Lost mutation: You evolve. [potion of cure mutation]
 33813 | Lair:2   | Lost mutation: Your vision is a little blurry. [potion of cure mutation]
 36644 | Lair:8   | Reached XP level 15. HP: 80/110 MP: 36/36
 37462 | D:10     | Entered Level 10 of the Dungeon
 37955 | D:10     | Reached skill level 14 in Spellcasting
 38575 | D:10     | Noticed valor's ghost (experienced DsGl)
 38622 | D:10     | Killed valor's ghost
 40696 | D:11     | Noticed Sonja
 40706 | D:11     | Killed Sonja
 41083 | D:12     | Acquired Ashenzari's second power
 41262 | D:12     | Upgraded the game from 0.15-a0-1506-g1b030bc to 0.15-a0-1537-ge1f089e
 42396 | D:12     | Found a staircase to the Orcish Mines.
 42756 | Orc:1    | Entered Level 1 of the Orcish Mines
 42966 | Orc:1    | Found Strujabu's Antique Armour Emporium.
 44089 | Orc:2    | Reached skill level 10 in Fighting
 44571 | Orc:3    | Found Smugie Tiov's Food Shop.
 44735 | Orc:3    | Found a dark tunnel.
 44759 | Orc:3    | Acquired Ashenzari's third power
 44761 | Volcano  | Entered a volcano
 45054 | Volcano  | Found a bloodstained altar of Trog.
 45154 | Volcano  | Found a bloodstained altar of Trog.
 45186 | Volcano  | Identified a +0 rod of clouds (11/11) (You found it on level 12 of the Dungeon)
 45650 | Orc:4    | Entered Level 4 of the Orcish Mines
 45920 | Orc:4    | Found a staircase to the Elven Halls.
 47398 | Orc:4    | Reached skill level 15 in Spellcasting
 47578 | Orc:4    | Found Gauprapp's Magic Scroll Boutique.
 47578 | Orc:4    | Found Vyn Ocen's Book Emporium.
 47588 | Orc:4    | Found Sudgh's General Store.
 47588 | Orc:4    | Found Azxoir's Magic Scroll Emporium.
 47612 | Orc:4    | Bought a book of Spatial Translocations for 1040 gold pieces
 47617 | Orc:4    | Learned a level 2 spell: Shroud of Golubria
 47620 | Orc:4    | Learned a level 2 spell: Blink
 47623 | Orc:4    | Bought a book of Hinderance for 320 gold pieces
 47630 | Orc:4    | Learned a level 4 spell: Petrify
 47633 | Orc:4    | Learned a level 2 spell: Confusing Touch
 47638 | Orc:4    | Bought a scroll of enchant armour for 75 gold pieces
 47647 | Orc:4    | Bought a scroll of blinking for 127 gold pieces
 47647 | Orc:4    | Bought a scroll of blinking for 127 gold pieces
 47647 | Orc:4    | Bought a scroll of remove curse for 51 gold pieces
 47694 | Orc:4    | Reached XP level 16. HP: 122/122 MP: 35/37
 47986 | Snake:1  | Entered Level 1 of the Snake Pit
 48045 | Shoals:1 | Entered Level 1 of the Shoals
 48411 | Shoals:1 | Noticed Snorg
 48431 | Shoals:1 | Killed Snorg
 48652 | Shoals:1 | Reached skill level 1 in Hexes
 48660 | Shoals:1 | Reached skill level 1 in Translocations
 49157 | Shoals:1 | Noticed Agnes
 49401 | Shoals:1 | Killed Agnes
 51285 | Shoals:2 | Identified the cursed -5 robe of Pnaokim {MR+ Int-2}
 55324 | Shoals:3 | Found Zorupuy's Book Boutique.
 55343 | Shoals:3 | Upgraded the game from 0.15-a0-1537-ge1f089e to 0.15-a0-1549-gb42009b
 55343 | Shoals:3 | Bought a book of Wizardry for 420 gold pieces
 55344 | Shoals:3 | Bought a book of Minor Magic for 280 gold pieces
 55348 | Shoals:3 | Learned a level 2 spell: Repel Missiles
 55488 | Shoals:3 | Reached skill level 5 in Earth Magic
 55839 | Shoals:4 | Noticed Polyphemus
 56099 | Shoals:4 | Killed Polyphemus
 56099 | Shoals:4 | Reached XP level 17. HP: 126/128 MP: 26/38
 56444 | Shoals:4 | Found Cyipnot's General Store.
 56450 | Shoals:4 | Noticed Jorgrun
 56520 | Shoals:4 | Killed Jorgrun
 57868 | Lair:2   | Learned a level 5 spell: Metabolic Englaciation
 58715 | Lair:6   | Reached skill level 10 in Ice Magic
 61361 | Snake:1  | HP: 7/153 [poisoned by a naga mage (bolt of poison)]
 61366 | Snake:1  | HP: 7/153 [poisoned by a naga mage (bolt of poison)]
 61566 | Snake:2  | Reached skill level 5 in Hexes
 61607 | Snake:2  | Noticed Vashnia
 62000 | Snake:2  | Noticed Aizul
 62610 | Snake:2  | Killed Vashnia
 62623 | Snake:2  | HP: 5/153 [Aizul (7)]
 62624 | Snake:2  | Killed from afar by Aizul

Action                   |  1- 3 |  4- 6 |  7- 9 | 10-12 | 13-15 | 16-18 || total
-------------------------+-------+-------+-------+-------+-------+-------++-------
Melee: Unarmed           |   107 |   144 |   401 |   937 |  2572 |  1244 ||  5405
       Rod               |       |       |       |       |     8 |       ||     8
       Blowgun           |       |       |       |       |     1 |       ||     1
       Staff             |       |       |       |       |       |     4 ||     4
 Fire: Blowgun           |       |    17 |    96 |   190 |   208 |    23 ||   534
Throw: Stone             |    25 |    37 |       |       |       |       ||    62
       Tomahawk          |       |     5 |    38 |    38 |    36 |       ||   117
       Throwing net      |       |       |       |    13 |       |       ||    13
 Cast: Beastly Appendage |    17 |     9 |    24 |       |       |       ||    50
       Sticks to Snakes  |     6 |    13 |     4 |    55 |    75 |    51 ||   204
       Spider Form       |       |     7 |    17 |    37 |    61 |     1 ||   123
       Ice Form          |       |       |     4 |    39 |    51 |    52 ||   146
       Blade Hands       |       |       |       |    15 |    77 |    49 ||   141
       Swiftness         |       |       |       |     2 |     2 |     1 ||     5
       Passwall          |       |       |       |     1 |       |       ||     1
       Petrify           |       |       |       |       |     1 |   157 ||   158
       Shroud of Golubri |       |       |       |       |       |    41 ||    41
       Confusing Touch   |       |       |       |       |       |    20 ||    20
       Blink             |       |       |       |       |       |    33 ||    33
       Repel Missiles    |       |       |       |       |       |     3 ||     3
       Metabolic Englaci |       |       |       |       |       |    49 ||    49
 Abil: End Transformatio |       |     4 |    16 |    31 |   102 |    56 ||   209
Evoke: Wand              |       |       |     5 |    37 |    33 |    23 ||    98
       Deck              |       |       |       |     8 |     8 |       ||    16
       Rod               |       |       |       |       |    23 |     2 ||    25
       Fan of gales      |       |       |       |       |       |     1 ||     1
  Use: Scroll            |     4 |     2 |     9 |    21 |    25 |    20 ||    81
       Potion            |       |       |     3 |    16 |    12 |    10 ||    41
 Stab: Sleeping          |       |     4 |     5 |    18 |    72 |     5 ||   104
       Distracted        |       |     1 |     1 |     1 |     8 |     2 ||    13
       Held in net/web   |       |       |       |     5 |       |       ||     5
       Invisible         |       |       |       |     1 |     1 |       ||     2
       Confused          |       |       |       |     1 |     3 |     4 ||     8
       Petrified         |       |       |       |       |     2 |   117 ||   119
       Petrifying        |       |       |       |       |     1 |    23 ||    24
       Fleeing           |       |       |       |       |       |     1 ||     1
